 Dungeon Crawl Stone Soup version 0.32-a0-900-g30fb1b0edc (webtiles) character file.

Game seed: 8841316494020718890

1741611 Ge0ff the Merry Gargoyle (level 26, 184/184 HPs)
             Began as a Gargoyle Hunter on Apr 5, 2024.
             Was the Champion of Makhleb.
             Escaped with the Orb
             ... and 3 runes!
             The game lasted 02:23:31 (60811 turns).

Ge0ff the Merry Gargoyle (Gargoyle Hunter)         Turns: 60811, Time: 02:23:32

Health: 184/184    AC: 40    Str: 17    XL:     26   Next: 49%
Magic:  34/34      EV: 22    Int: 11    God:    Makhleb [******]
Gold:   6667       SH:  0    Dex: 22    Spells: 27/38 levels left

rFire   + + .        a - +9 longbow (flame)
rCold   + + .        (shield currently unavailable)
rNeg    + . .        A - +3 troll leather armour
rPois   ∞            w - +1 hat of Conscience {rCorr Int+3 Dex+2}
rElec   +            h - +2 cloak {Will+}
rCorr   +            i - +2 pair of gloves
SInv    .            Q - +2 pair of boots
Will    ++++.        J - necklace of Bloodlust {Fury *Rage Will++ Int-3 Slay+6}
Stlth   ++           C - ring "Jajef" {rF++ rC+ rCorr Str-4, =R}
HPRegen 1.30/turn    n - +4 ring of slaying
MPRegen 0.24/turn

%: clarity
@: flying, studying 2 skills
A: sickness immunity, AC +20, big wings, negative energy resistance 1,
electricity resistance, torment resistance 1, petrification resistance, clarity,
cold resistance 1, deterioration 1, strong 1
0: Orb of Zot
}: 3/15 runes: barnacled, silver, gossamer
a: Renounce Religion, Minor Destruction, Lesser Servant of Makhleb, Major
Destruction, Greater Servant of Makhleb


You escaped.
You worshipped Makhleb.
Makhleb was exalted by your worship.
You visited 10 branches of the dungeon, and saw 48 of its levels.
You also visited: Trove, Sewer, Ice Cave and Volcano.

You collected 8667 gold pieces.
You spent 2000 gold pieces at shops.

Inventory:

Hand Weapons
 a - a +9 longbow of flaming (weapon)
Missiles
 b - 5 silver javelins
 g - a throwing net {=F}
 p - 5 darts of dispersal
 v - 8 datura-tipped darts {=F}
 L - 22 javelins
Armour
 h - a +2 cloak of willpower (worn)
 i - a +2 pair of gloves (worn)
 w - the +1 hat of Conscience (worn) {rCorr Int+3 Dex+2}
   (You found it in a treasure trove)

   Int+3:     It affects your intelligence (+3).
   Dex+2:     It affects your dexterity (+2).
   rCorr:     It protects you from acid and corrosion.
 A - a +3 troll leather armour (worn)
 Q - a +2 pair of boots (worn)
Jewellery
 n - a +4 ring of slaying (right hand)
 r - an amulet of regeneration
 C - the ring "Jajef" (left hand) {rF++ rC+ rCorr Str-4, =R}
   (You took it off a deep elf zephyrmancer on level 3 of the Elven Halls)

   [ring of resist corrosion]

   Str-4:     It affects your strength (-4).
   rF++:      It greatly protects you from fire.
   rC+:       It protects you from cold.
   rCorr:     It protects you from acid and corrosion.
 D - the ring "Yhyhuefa" {rF+ MP+9 Int+5 Dex+2}
   (You found it in a treasure trove)

   [ring of magical power]

   Int+5:     It affects your intelligence (+5).
   Dex+2:     It affects your dexterity (+2).
   rF+:       It protects you from fire.
   MP+9:      It affects your magic capacity (+9).
 G - a ring of see invisible
 J - the necklace of Bloodlust (around neck) {Fury *Rage Will++ Int-3 Slay+6}
   (You found it on level 3 of the Depths)

   [amulet of nothing]

   Fury:      It extends the wearer's berserk rage when killing foes.
   Int-3:     It affects your intelligence (-3).
   Slay+6:    It affects your accuracy & damage with ranged weapons and melee
   (+6).
   Will++:    It greatly increases your willpower.
   *Rage:     It berserks you when you make melee attacks (+50% chance).
 Y - the ring of the Tsukumogami {Fire rN+ Str-2 Int-4 Dex+8}
   (You took it off a deep elf annihilator on level 3 of the Elven Halls)

   [ring of fire]

   Fire:      It enhances your fire magic.
   Str-2:     It affects your strength (-2).
   Int-4:     It affects your intelligence (-4).
   Dex+8:     It affects your dexterity (+8).
   rF+:       It protects you from fire.
   rC-:       It makes you vulnerable to cold.
   rN+:       It protects you from negative energy.
 Z - the ring "Woist" {Will+ Int+3}
   (You took it off a deep elf death mage on level 3 of the Elven Halls)

   [ring of willpower]

   Int+3:     It affects your intelligence (+3).
   Will+:     It increases your willpower.
Wands
 d - a wand of digging (6)
 e - a wand of charming (33)
 f - a wand of flame (116)
 j - a wand of acid (31)
 k - a wand of warping (36)
 s - a wand of mindburst (17)
 P - a wand of polymorph (64)
Scrolls
 c - 2 scrolls of enchant weapon
 m - a scroll of revelation
 y - a scroll of immolation
 B - 7 scrolls of blinking
 E - 6 scrolls of fear
 F - 6 scrolls of fog
 M - 3 scrolls of enchant armour
 S - a scroll of summoning
 T - 21 scrolls of teleportation
 V - 5 scrolls of vulnerability
Potions
 o - 15 potions of ambrosia
 q - 15 potions of curing
 u - 6 potions of mutation {!q}
 z - 9 potions of brilliance
 H - 3 potions of haste {!q}
 I - 3 potions of invisibility
 K - 6 potions of magic {!q}
 N - 5 potions of cancellation {!q}
 R - 3 potions of resistance
 W - 14 potions of heal wounds {!q}
 X - 6 potions of enlightenment
Miscellaneous
 l - a lightning rod (4/4)
 t - a tin of tremorstones (inert)
 x - a Gell's gravitambourine (1/2)
 O - a box of beasts
 U - a phantom mirror


   Skills:
 + Level 24.2 Fighting
 O Level 27 Ranged Weapons
 - Level 6.0 Throwing
 - Level 15.0 Armour
 - Level 15.0 Dodging
 - Level 12.0 Stealth
 + Level 6.9 Spellcasting
 * Level 7.8 Hexes
 * Level 5.4 Translocations
 + Level 9.1 Earth Magic
 * Level 7.2 Alchemy
 + Level 15.5 Invocations
 + Level 13.1 Evocations


You had 27 spell levels left.
You knew the following spells:

 Your Spells              Type           Power      Damage    Failure   Level
g - Apportation           Tloc           30%        N/A       2%          1
w - Passwall              Erth           23%        N/A       1%          3
y - Yara's Violent Unrav  Hex/Alch       10%        3d6       24%         5
B - Blink                 Tloc           30%        N/A       3%          2

Your spell library contained the following spells:

 Spells                   Type           Power      Damage    Failure   Level
 Sigil of Binding         Hex            21%        N/A       2%          3
 Tukima's Dance           Hex            21%        N/A       2%          3
 Lesser Beckoning         Tloc           30%        N/A       3%          2
 Sting                    Conj/Alch      44%        1d5       4%          1
 Ensorcelled Hibernation  Hex/Ice        24%        N/A       6%          2
 Maxwell's Portable Pile  Tloc           15%        2d(6-18)  6%          3
 Teleport Other           Tloc           15%        N/A       6%          3
 Mercury Vapours          Alch/Air       22%        N/A       7%          2
 Cause Fear               Hex            10%        N/A       8%          4
 Stone Arrow              Conj/Erth      26%        3d8       9%          3
 Momentum Strike          Conj/Tloc      18%        3d8       10%         2
 Olgreb's Toxic Radiance  Alch           19%        N/A       10%         4
 Dazzling Flash           Conj/Hex       24%        N/A       12%         3
 Inner Flame              Hex/Fire       12%        N/A       12%         3
 Lee's Rapid Deconstruct  Erth           11%        3d8*      13%         5
 Volatile Blastmotes      Fire/Tloc      18%        2d11      19%         3
 Kiss of Death            Conj/Necr      12%        2d6       21%         1
 Necrotise                Necr           12%        1d4       21%         1
 Summon Small Mammal      Summ           12%        N/A       21%         1
 Mephitic Cloud           Conj/Alch/Air  9%         N/A       22%         3
 Passage of Golubria      Tloc           15%        N/A       22%         4
 Alistair's Intoxication  Alch           12%        N/A       28%         5
 Call Imp                 Summ           6%         N/A       30%         2
 Scorch                   Fire           6%         2d5       30%         2
 Animate Armour           Summ/Erth      26%        N/A       30%         4
 Anguish                  Hex/Necr       6%         N/A       36%         4
 Sticky Flame             Fire/Alch      11%        2d5       41%         4
 Frozen Ramparts          Ice            6%         1d1       52%         3
 Fugue of the Fallen      Necr           3%         N/A       52%         3
 Hailstorm                Conj/Ice       3%         3d5       52%         3
 Ozocubu's Armour         Ice            3%         N/A       52%         3
 Summon Ice Beast         Ice/Summ       3%         N/A       52%         3
 Swiftness                Air            3%         N/A       52%         3
 Vampiric Draining        Necr           3%         2d6       52%         3
 Vhi's Electric Charge    Tloc/Air       18%        N/A       54%         4
 Silence                  Hex/Air        6%         N/A       73%         5
 Eringya's Noxious Bog    Alch           9%         4d6       83%         6
 Animate Dead             Necr           3%         N/A       89%         4
 Dispel Undead            Necr           3%         3d7       89%         4
 Flame Wave               Conj/Fire      3%         2d5       89%         4
 Martyr's Knell           Necr/Summ      3%         N/A       89%         4
 Summon Blazeheart Golem  Fire/Summ      3%         N/A       89%         4
 Summon Lightning Spire   Summ/Air       3%         N/A       89%         4
 Dispersal                Tloc           7%         N/A       97%         6
 Arcjolt                  Conj/Air       1%         1d11      99%         5
 Curse of Agony           Necr           3%         N/A       99%         5
 Fireball                 Conj/Fire      1%         3d3       99%         5
 Freezing Cloud           Conj/Ice/Air   1%         6-21      99%         5
 Iskenderun's Battlesphe  Conj           3%         2d6       99%         5
 Bombard                  Conj/Erth      6%         9d2       99%         6
 Permafrost Eruption      Ice/Erth       6%         2x4d3     99%         6
 Conjure Ball Lightning   Conj/Air       1%         3x3d6     100%        6
 Death Channel            Necr           1%         N/A       100%        6
 Plasma Beam              Fire/Air       1%         2x1d11    100%        6
 Sculpt Simulacrum        Ice/Alch       5%         N/A       100%        6
 Starburst                Conj/Fire      1%         6d3       100%        6
 Summon Cactus Giant      Summ           1%         N/A       100%        6
 Enfeeble                 Hex            10%        N/A       100%        7
 Haunt                    Necr/Summ      1%         N/A       100%        7
 Orb of Destruction       Conj           1%         9d5       100%        7
 Ozocubu's Refrigeration  Ice            1%         4d7       100%        7
 Spellforged Servitor     Conj/Summ      1%         N/A       100%        7
 Summon Hydra             Summ           1%         N/A       100%        7
 Discord                  Hex            10%        N/A       100%        8
 Disjunction              Tloc           7%         N/A       100%        8
 Infestation              Necr           1%         N/A       100%        8
 Polar Vortex             Ice            1%         N/A       100%        9
 Cigotuvi's Dreadful Rot  Necr/Alch/Air  Unusable   N/A       N/A         2
 Sublimation of Blood     Necr           Unusable   N/A       N/A         2

Dungeon Overview and Level Annotations

Branches:
Dungeon (15/15)            Temple (1/1) D:6            Lair (5/5) D:10
 Shoals (4/4) Lair:2       Spider (4/4) Lair:3        Slime (0/5) Lair:5
    Orc (2/2) D:9             Elf (3/3) Orc:2        Vaults (5/5) D:14
  Crypt (0/3) Vaults:2     Depths (4/4) D:15            Zot (5/5) Depths:4
  Sewer (visited)           IceCv (visited)         Volcano (visited)

Altars:
Ashenzari
Cheibriados
Dithmenos
Elyvilon
Fedhas
Gozag
Hepliaklqana
Kikubaaqudgha
Makhleb
Nemelex Xobeh
Okawaru
Qazlal
Ru
Sif Muna
Trog
Uskayaw
Vehumet
Wu Jian
Xom
Yredelemnul
Zin
The Shining One
Beogh
Jiyva
Lugonu

Shops:
Orc:2 (([!:   Elf:1 :   Vaults:4 **

Portals:
Hell: Depths:1 Depths:2 Depths:3 Depths:4
Abyss: Depths:2 Depths:3
Pandemonium: Depths:1 Depths:2 Depths:3
Ziggurat: Depths:4

Annotations:
Zot:4 2 transporters


Innate Abilities, Weirdness & Mutations

You are immune to sickness and miasma.
Your stone body is resilient. (AC +20)
You are immune to poison.
Your large and strong wings let you fly.
You resist negative energy. (rN+)
You are resistant to electric shocks. (rElec)
You are resistant to unholy torment.
You are immune to petrification.
You possess an exceptional clarity of mind.
Your flesh is cold resistant. (rC+)
Your body sometimes deteriorates upon taking damage.
Your muscles are strong. (Str +4, Int/Dex -1)


Message History

The arrow burns the profane servitor!
The profane servitor is moderately damaged.
You shoot an arrow. The arrow misses the profane servitor.
You shoot an arrow. The arrow misses the profane servitor.
The profane servitor hits you with a +3 whip.
The profane servitor completely misses you.
You shoot an arrow. The arrow hits the profane servitor!!
The arrow burns the profane servitor!
The profane servitor is heavily damaged.
The profane servitor hits you with a +3 whip.
The profane servitor completely misses you.
You shoot an arrow. The arrow hits the profane servitor!
The arrow burns the profane servitor.
The profane servitor is heavily damaged.
The profane servitor hits you with a +3 whip!
The profane servitor hits you but does no damage.
You shoot an arrow. The arrow hits the profane servitor.
The arrow burns the profane servitor.
The profane servitor is severely damaged.
The profane servitor closely misses you.
The profane servitor hits you but does no damage.
You shoot an arrow. The arrow hits the profane servitor!!!
The arrow burns the profane servitor!
The profane servitor is almost destroyed.
The profane servitor hits you but does no damage.
The profane servitor completely misses you.
You shoot an arrow. The arrow hits the profane servitor.
The arrow burns the profane servitor.
The profane servitor is almost destroyed.
The profane servitor hits you with a +3 whip!
The profane servitor completely misses you.
You shoot an arrow. The arrow hits the profane servitor!!
The arrow burns the profane servitor.
You destroy the profane servitor!
Makhleb accepts your kill.
You feel better.
HP restored.
You see here a +3 whip.
P - a wand of polymorph (64) (gained 12 charges)
You see here a hobgoblin corpse.
Done exploring.
There is a stone staircase leading up here.
You fly upwards.
There is a stone staircase leading down here.
You see here a +0 dagger.
You reach down and open the door.
There is an open door here.
There is an open door here.
There is a staircase leading out of the dungeon here.
You have escaped!

###..#.#.######..### #.#.#
..#..#.#.# ####'#### #.#.#
#.#..#.#.# ##PP#.#PP## #.#.#
#.#..#.#.###P..#.#~~P########.#.#
..#..#.#.##P..P#.#~~~P##......#.#
###..#.#.#P.P..#.#~~~~P##.#####..
.........#P.P..#.#~~~~P##.# #..
######...#######.########.# #.. #
#.#.'......@......+..# #.. #
#.#########.#######..# #..
######.# #P~~~~#.#..P.P##.## #..
.......# #P~~~~#.#...PP#...# #..
####...# ##P~~~#.#PPPP##...# #.#
#......#####P~~#.#PPP###...####.#
##.###.)...##PP#.#PP## #...##....
...)...###.#####'#### #...##.###
....................# ##+###..#.


There were no monsters in sight!

Vanquished Creatures
  3 dread liches
  3 orbs of fire (Zot:5)
  4 ancient liches
  2 juggernauts
  Margery (Vaults:5)
  4 Killer Klowns (Zot:5)
  A curse toe (Zot:5)
  5 caustic shrikes
  A profane servitor (D:2)
  6 golden dragons
  Nikola (Shoals:2)
  Norris (Depths:3)
  2 electric golems (Zot:5)
  A hellephant (Vaults:5)
  Jorgrun (D:14)
  5 liches
  21 Orb Guardians (Zot:5)
  13 tentacled monstrosities
  A Hell Sentinel (D:12)
  A deep elf blademaster (Elf:3)
  2 deep elf master archers
  2 titans (Vaults:5)
  10 sphinxes
  3 quicksilver dragons
  4 krakens
  An Executioner (D:15)
  7 shadow dragons
  Donald (Shoals:1)
  8 tengu reavers
  3 draconian knights
  8 storm dragons
  10 fire giants
  13 deep elf sorcerers
  3 emperor scorpions
  A draconian shifter (Zot:4)
  2 draconian monks
  8 frost giants
  2 balrugs
  A spectral juggernaut (Depths:3)
  A draconian scorcher (Zot:1)
  2 ghost moths
  12 vault wardens
  2 draconian stormcallers
  2 deep elf elementalists (Elf:3)
  2 orc warlords
  A spriggan defender (Depths:4)
  6 stone giants
  13 very ugly things
  A juggernaut skeleton (Depths:1)
  3 formless jellyfish
  A reaper (IceCv)
  2 broodmothers
  2 green draconians (Zot:4)
  16 ironbound preservers
  A black draconian (Zot:4)
  6 deep elf death magi
  5 vampire knights
  3 purple draconians
  5 white draconians
  11 deep elf annihilators
  9 deep elf demonologists
  9 ironbound thunderhulks
  10 dire elephants
  3 yellow draconians
  2 war gargoyles
  4 red draconians
  4 spark wasps
  A blizzard demon (Depths:4)
  5 merfolk javelineers
  Snorg (Orc:1)
  12 ettins
  6 merfolk impalers
  5 crystal guardians
  12 deep elf high priests
  17 yaktaur captains
  5 fire dragons
  5 great orbs of eyes (Vaults:4)
  7 entropy weavers
  3 peacekeepers
  4 hydras
  Harold (D:11)
  8 ice dragons
  32 vault guards
  3 catoblepae
  2 rakshasas (Depths:1)
  A hell beast (D:3)
  2 spriggan air magi
  8 ironbound frosthearts
  4 merfolk aquamancers
  A jorogumo (Spider:2)
  5 radroaches
  Erica (Orc:1)
  4 merfolk avatars
  An alligator snapping turtle (Shoals:4)
  10 boulder beetles
  33 dancing weapons
  A satyr (Shoals:4)
  16 centaur warriors
  4 two-headed ogres
  A vampire mage (Depths:3)
  2 death knights (Vaults:2)
  7 demonic crawlers
  9 deep troll earth magi
  2 deep troll shamans
  12 tengu warriors
  5 death yaks
  A sun demon (D:13)
  2 orc high priests
  A spriggan berserker (Depths:3)
  10 iron trolls
  A sixfirhy (D:13)
  2 hell knights
  17 deep elf archers
  2 pharaoh ants
  9 skysharks
  22 deep elf knights
  5 arcanists
  8 sea snakes
  A flayed ghost (Depths:3)
  A glowing orange brain (shapeshifter) (Vaults:5)
  2 glowing orange brains
  A salamander mystic (Depths:4)
  2 sun moths
  The ghost of Konar the Skirmisher, a novice CoHu of Okawaru (D:6)
  7 orb spiders
  An orb spider (shapeshifter) (Vaults:5)
  A mana viper (shapeshifter) (Vaults:5)
  10 orc knights
  40 deep trolls
  15 lindwurms
  5 obsidian bats
  14 steelbarb worms
  3 thermic dynamos (Elf:1)
  A steelbarb worm (shapeshifter) (Vaults:5)
  25 harpies
  39 ugly things
  2 phantasmal warriors (Vaults:5)
  7 necromancers
  20 ironbound convokers
  3 orc sorcerers
  22 deep elf pyromancers
  25 deep elf zephyrmancers
  15 manticores
  A fire giant zombie (Depths:1)
  5 cyclopes
  A shining eye (shapeshifter) (Depths:4)
  11 wolf spiders
  A faun (shapeshifter) (Depths:2)
  6 fauns
  15 moths of wrath
  A human skeleton (Vaults:3)
  5 black mambas
  8 merfolk sirens
  23 vault sentinels
  4 meliai
  6 kobold blastminers (Orc:2)
  2 salamanders (Depths:4)
  7 water nymphs
  6 torpor snails
  An orange demon (D:13)
  An ice statue (IceCv)
  6 smoke demons
  10 cane toads
  7 elephants
  A gargoyle (D:13)
  25 yaktaurs
  A kobold demonologist (D:11)
  10 komodo dragons
  2 unseen horrors
  2 efreet (D:14)
  A yaktaur zombie (Vaults:3)
  9 rime drakes
  2 freezing wraiths
  4 tengu conjurers
  An anaconda simulacrum (IceCv)
  An ice devil (D:13)
  23 merfolk
  2 red devils (D:13)
  A silent spectre (Depths:3)
  A hellwing (D:13)
  A queen bee (shapeshifter) (D:14)
  6 wind drakes
  3 trolls
  A troll (shapeshifter) (Elf:3)
  10 hornets
  A queen bee (Lair:1)
  8 polar bears
  19 tarantellas
  Prince Ribbit (D:8)
  An ettin zombie (Vaults:3)
  12 jumping spiders
  7 snapping turtles
  3 glass eyes (Depths:2)
  13 blink frogs
  23 dream sheep
  39 slime creatures
  2 air elementals (Elf:3)
  2 vampires
  16 spriggans
  8 wyverns
  11 culicivoras
  A shadow (D:9)
  2 wraiths
  18 water elementals
  54 yaks
  An ettin skeleton (Vaults:1)
  9 basilisks
  A fire bat (D:8)
  2 ynoxinuls (D:13)
  A vampire mosquito (D:14)
  6 wargs (Orc:2)
  47 redbacks
  A redback (shapeshifter) (Vaults:5)
  7 steam dragons
  2 chaos spawn
  2 swamp worms (shapeshifter) (Vaults:5)
  3 acid dragons
  A glowing shapeshifter zombie (Vaults:3)
  3 death yak simulacra (IceCv)
  A harpy simulacrum (IceCv)
  4 hell hounds
  2 hydra simulacra (IceCv)
  18 water moccasins
  A glowing shapeshifter skeleton (Depths:1)
  4 ice beasts
  36 orc warriors
  3 sky beasts
  A black bear (D:7)
  2 laughing skulls (D:13)
  30 wolves
  8 boggarts
  11 ogres
  7 centaurs
  The ghost of Konar the Shooter, an amateur CoHu (D:3)
  A phantom (D:5)
  2 kobold brigands
  2 brain worms (Sewer)
  A brain worm (shapeshifter) (D:14)
  11 bullfrogs
  A scorpion (D:7)
  2 cane toad simulacra (IceCv)
  4 earth elementals
  2 gnoll sergeants (D:11)
  8 two-headed ogre simulacra (IceCv)
  2 elephant simulacra (IceCv)
  22 killer bees
  3 howler monkeys
  4 bombardier beetles
  5 hounds
  24 orc priests
  3 gnoll boudas
  9 jellies
  6 iguanas
  27 orc wizards
  10 hell rats (Lair:4)
  A polar bear simulacrum (IceCv)
  7 spriggan simulacra (IceCv)
  7 troll simulacra (IceCv)
  2 wolf simulacra (IceCv)
  29 gnolls
  13 adders
  2 river rats (Sewer)
  3 naga simulacra (IceCv)
  A shadow imp (D:7)
  5 white imps
  8 ufetubi (IceCv)
  A ribbon worm (D:3)
  96 orcs
  10 bats
  2 bat skeletons (D:10)
  3 bat zombies (D:10)
  8 endoplasms
  4 giant cockroaches (D:3)
  7 goblins
  6 hobgoblins
  3 jackals (D:5)
  5 quokkas
  3 training dummies (Elf:1)
  9 ball pythons
  7 frilled lizards
  16 kobolds
  6 rats
  9 tentacles
2017 creatures vanquished.

Vanquished Creatures (collateral kills)
  Vv (Depths:3)
  Jory (Depths:4)
  The ghost of Goivuek the Warrior, an adept CoGl of Wu Jian (Elf:1)
  A titan (Depths:3)
  A sphinx (Vaults:2)
  Polyphemus (Shoals:2)
  Aizul (Shoals:1)
  The ghost of Ucsyphiv the Severer, an adept MiFi of Okawaru (D:15)
  Ilsuiw (Shoals:2)
  2 emperor scorpions
  3 ironbound preservers
  A draconian stormcaller (Zot:5)
  A stone giant (Depths:3)
  An ironbound thunderhulk (Vaults:4)
  A white draconian (Zot:5)
  2 deep elf annihilators
  A red draconian (Depths:4)
  A merfolk javelineer (Shoals:1)
  2 great orbs of eyes (Vaults:4)
  An ice dragon (Depths:4)
  A spriggan air mage (Depths:4)
  2 jorogumos
  A radroach (Spider:4)
  An ironbound frostheart (Vaults:2)
  2 boulder beetles
  2 centaur warriors (D:14)
  A merfolk aquamancer (Shoals:4)
  2 two-headed ogres
  A demonic crawler (Spider:3)
  A tengu warrior (Depths:3)
  2 spriggan berserkers (Depths:3)
  A deep troll earth mage (Depths:3)
  Nergalle (D:11)
  A skyshark (Depths:3)
  3 spriggans
  A skeletal warrior (D:14)
  3 deep trolls
  3 orb spiders
  An arcanist (Vaults:3)
  A harpy (Vaults:2)
  A phantasmal warrior (Vaults:4)
  A lindwurm (Vaults:2)
  2 orc knights
  An ironbound convoker (Vaults:3)
  7 ugly things (D:14)
  A wolf spider (Spider:4)
  2 moths of wrath (Depths:3)
  2 meliai (Spider:4)
  A merfolk siren (Shoals:2)
  3 vault sentinels
  A komodo dragon (D:10)
  4 yaktaurs
  A human skeleton (Vaults:1)
  2 merfolk
  2 tengu conjurers
  A yaktaur skeleton (Vaults:1)
  A troll (D:11)
  A hornet (Depths:3)
  A snapping turtle (Shoals:1)
  A slime creature (Vaults:1)
  2 vampires (D:9)
  2 wraiths (D:14)
  A yak (D:9)
  3 redbacks
  A sky beast (D:7)
  2 centaurs
  A wolf (Lair:1)
  A bullfrog (D:9)
  2 gnoll sergeants
  A human simulacrum (Vaults:1)
  A polar bear simulacrum (IceCv)
  3 gnolls (D:8)
  3 orcs (D:8)
  A kobold (D:11)
  5 tentacles (Shoals:3)
121 creatures vanquished.

Vanquished Creatures (others)
  A dread lich (Zot:5)
  A death cob (Zot:4)
  A draconian stormcaller (Zot:4)
  A green draconian (Zot:4)
  An ugly thing (D:7)
  A deep elf pyromancer (Elf:1)
  A cane toad (Lair:1)
  A harpy simulacrum (IceCv)
  An orc warrior (D:8)
  A wolf (Lair:1)
  An elephant simulacrum (IceCv)
  An orc wizard (Elf:1)
  19 tentacles
31 creatures vanquished.

Grand Total: 2169 creatures vanquished

Notes
Turn   | Place    | Note
-------+----------+-------------------------------------------
     0 | D:1      | Ge0ff the Gargoyle Hunter began the quest for the Orb.
     0 | D:1      | Reached XP level 1. HP: 12/12 MP: 1/1
   197 | D:1      | Reached XP level 2. HP: 17/17 MP: 2/2
   208 | D:1      | Found a faded altar of an unknown god.
   240 | D:1      | Prayed at the altar of an unknown god.
   240 | D:1      | Became a worshipper of Makhleb the Destroyer
   240 | D:1      | Reached * piety under Makhleb
  1153 | D:2      | Reached skill level 5 in Ranged Weapons
  1153 | D:2      | Reached XP level 3. HP: 17/21 MP: 3/3
  1641 | D:2      | Reached XP level 4. HP: 27/27 MP: 4/4
  1711 | D:2      | Reached ** piety under Makhleb
  2041 | D:3      | Found a transporter.
  2044 | D:3      | Noticed Konar's ghost (amateur CoHu)
  2295 | D:3      | Found a glowing drain.
  2299 | Sewer    | Entered a sewer
  2371 | Sewer    | Noticed a brain worm
  2390 | Sewer    | Killed a brain worm
  2391 | Sewer    | Reached skill level 6 in Ranged Weapons
  2391 | Sewer    | Reached XP level 5. HP: 32/32 MP: 3/5
  2512 | Sewer    | Reached XP level 6. HP: 36/38 MP: 4/6
  2705 | D:3      | Found a transporter.
  2838 | D:3      | Reached *** piety under Makhleb
  2853 | D:3      | Reached skill level 7 in Ranged Weapons
  2959 | D:3      | Found a faded altar of an unknown god.
  2968 | D:3      | Found a basalt altar of Yredelemnul.
  3159 | D:4      | Reached skill level 1 in Invocations
  3208 | D:4      | Reached XP level 7. HP: 43/43 MP: 8/8
  3768 | D:5      | Entered Level 5 of the Dungeon
  3919 | D:5      | Reached skill level 8 in Ranged Weapons
  3919 | D:5      | Reached skill level 1 in Evocations
  3919 | D:5      | Reached XP level 8. HP: 44/48 MP: 10/10
  3965 | D:5      | Found a hide-covered altar of Uskayaw.
  4091 | D:5      | Identified the +4 quarterstaff "Secaf" {freeze, rN++}
  4217 | D:5      | Reached skill level 5 in Fighting
  4582 | D:6      | Reached **** piety under Makhleb
  4618 | D:6      | Found a burning altar of Makhleb.
  4629 | D:6      | Reached skill level 5 in Invocations
  4789 | D:6      | Identified a scroll of acquirement
  4789 | D:6      | Acquired 1379 gold pieces
  4979 | D:6      | Found a runed translucent gate.
  4979 | D:6      | Found a runed translucent gate.
  4979 | D:6      | Found a runed translucent gate.
  4980 | D:6      | Noticed Konar's ghost (novice CoHu)
  4981 | D:6      | Identified the +0 chain mail of Iwauleh {rPois Int+4}
  4983 | D:6      | Found a roughly hewn altar of Beogh.
  5068 | D:6      | Reached skill level 9 in Ranged Weapons
  5068 | D:6      | Reached XP level 9. HP: 39/54 MP: 12/12
  5121 | D:6      | Found a staircase to the Ecumenical Temple.
  5130 | Temple   | Entered the Ecumenical Temple
  5764 | D:7      | Noticed a cyan ugly thing
  5795 | D:7      | Reached skill level 10 in Ranged Weapons
  6038 | D:7      | Reached skill level 11 in Ranged Weapons
  6322 | D:7      | Found a shimmering blue altar of Sif Muna.
  6398 | D:7      | Found an ornate altar of the Wu Jian Council.
  6485 | D:7      | Reached skill level 1 in Armour
  6802 | D:8      | Found a stormy altar of Qazlal.
  6817 | D:8      | Reached XP level 10. HP: 58/59 MP: 12/14
  6909 | D:8      | Noticed a two-headed ogre
  6996 | D:8      | Reached ***** piety under Makhleb
  7350 | D:8      | Found a hazy altar of Hepliaklqana.
  7465 | D:8      | Noticed Prince Ribbit
  7475 | D:8      | Killed Prince Ribbit
  7476 | D:8      | Reached skill level 12 in Ranged Weapons
  7540 | D:8      | Killed a two-headed ogre
  8029 | D:8      | Found a snail-covered altar of Cheibriados.
  8055 | D:8      | Found a shimmering altar of Xom.
  8225 | D:9      | Found a staircase to the Orcish Mines.
  9253 | D:9      | Reached skill level 13 in Ranged Weapons
  9253 | D:9      | Reached XP level 11. HP: 67/67 MP: 16/16
  9313 | D:10     | Entered Level 10 of the Dungeon
  9347 | D:10     | Noticed a two-headed ogre
  9353 | D:10     | Killed a two-headed ogre
  9767 | D:10     | Found a staircase to the Lair.
 10217 | D:10     | Found an ancient bone altar of Kikubaaqudgha.
 10328 | D:11     | Noticed Nergalle
 10341 | D:11     | Killed Nergalle
 10345 | D:11     | Reached skill level 5 in Armour
 10471 | D:11     | Noticed a two-headed ogre
 10487 | D:11     | Killed a two-headed ogre
 10488 | D:11     | Reached skill level 14 in Ranged Weapons
 11332 | D:11     | Noticed Harold
 11359 | D:11     | Killed Harold
 12049 | Lair:1   | Entered Level 1 of the Lair of Beasts
 12121 | Lair:1   | Reached XP level 12. HP: 72/72 MP: 18/18
 12259 | Lair:1   | Found a frozen archway.
 12283 | IceCv    | Entered an ice cave
 12653 | IceCv    | Reached skill level 15 in Ranged Weapons
 13247 | IceCv    | Noticed a reaper
 13274 | IceCv    | Killed a reaper
 13275 | IceCv    | Reached skill level 5 in Evocations
 13344 | IceCv    | Got the Catalogue of Lava
 13956 | Lair:1   | Reached skill level 10 in Invocations
 14281 | Lair:2   | Reached XP level 13. HP: 79/79 MP: 20/20
 14285 | Lair:2   | Reached ****** piety under Makhleb
 14546 | Lair:2   | Reached skill level 16 in Ranged Weapons
 14781 | Lair:2   | Found a staircase to the Shoals.
 15041 | Lair:3   | Found a dark tunnel.
 15058 | Volcano  | Entered a volcano
 15281 | Volcano  | Noticed a fire dragon
 15290 | Volcano  | Killed a fire dragon
 15471 | Lair:3   | Found a hole to the Spider Nest.
 15739 | Lair:3   | Reached skill level 10 in Fighting
 15916 | Lair:3   | Reached skill level 17 in Ranged Weapons
 16316 | Lair:4   | Gained mutation: Your large and strong wings let you fly.
                  | [Gargoyle growth]
 16316 | Lair:4   | Reached XP level 14. HP: 88/88 MP: 22/22
 16969 | Lair:5   | Entered Level 5 of the Lair of Beasts
 17237 | Lair:5   | Reached skill level 18 in Ranged Weapons
 17484 | Lair:5   | Reached skill level 1 in Throwing
 17986 | Lair:5   | Reached XP level 15. HP: 97/97 MP: 24/24
 18070 | Lair:5   | Found a staircase to the Slime Pits.
 18071 | Lair:5   | Found a viscous altar of Jiyva.
 18608 | D:3      | Killed Konar's ghost
 18629 | D:3      | Identified the +2 barding of the Pink Corner {^Contam Fly
                  | Int+2}
 18772 | D:6      | Killed Konar's ghost
 18795 | D:6      | Identified the +0 hat of Ycsaukis {Harm Str-2 Slay+2}
 19357 | D:12     | Found a radiant altar of Vehumet.
 20579 | D:14     | Identified the +4 short sword "Xubris" {spect, rElec rF+}
 20692 | D:14     | Found the dreamshard necklace {Acrobat *Dream}
 20890 | D:14     | Noticed Jorgrun
 20915 | D:14     | Reached XP level 16. HP: 38/105 MP: 25/25
 20921 | D:14     | Killed Jorgrun
 20986 | D:14     | Reached skill level 5 in Dodging
 21408 | D:14     | Found a gate to the Vaults.
 21562 | D:15     | Entered Level 15 of the Dungeon
 21589 | D:15     | Found a bloodstained altar of Trog.
 21589 | D:15     | Noticed Ucsyphiv's ghost (adept MiFi)
 21617 | D:15     | Found a transporter.
 21620 | D:15     | Found a transporter.
 21755 | D:15     | Found a staircase to the Depths.
 22533 | D:15     | Reached skill level 5 in Throwing
 22538 | D:15     | Killed Ucsyphiv's ghost
 22553 | D:15     | Identified the +4 battleaxe "Raptouli" {freeze, Fly rPois
                  | Will- SInv}
 22574 | D:15     | Learned a level 3 spell: Passwall
 22741 | Shoals:1 | Entered Level 1 of the Shoals
 22782 | Shoals:1 | Acquired a manual of Ranged Weapons
 22789 | Shoals:1 | Identified the serpent talisman "Boesobou" {Dex+3 Stlth+}
 22789 | Shoals:1 | Noticed Aizul
 22846 | Shoals:1 | Noticed Donald
 22851 | Shoals:1 | Killed Donald
 22905 | Shoals:1 | Reached skill level 1 in Earth Magic
 22950 | Shoals:1 | Reached skill level 1 in Spellcasting
 23140 | Shoals:1 | Reached skill level 15 in Fighting
 23196 | Shoals:1 | Identified the +0 animal skin "Uwiaven" {Rampage rN+ Regen+
                  | MP-9}
 23366 | Shoals:1 | Reached skill level 19 in Ranged Weapons
 23738 | Shoals:1 | Killed Aizul
 23894 | Shoals:2 | Noticed Ilsuiw
 23932 | Shoals:2 | Noticed Polyphemus
 23948 | Shoals:2 | Killed Polyphemus
 23949 | Shoals:2 | Reached XP level 17. HP: 65/115 MP: 27/27
 24400 | Shoals:2 | Reached skill level 10 in Armour
 24438 | Shoals:2 | Noticed Nikola
 24452 | Shoals:2 | Killed Nikola
 24873 | Shoals:3 | Noticed a kraken
 24886 | Shoals:3 | Killed a kraken
 24945 | Shoals:3 | Noticed a kraken
 24955 | Shoals:3 | Killed a kraken
 25567 | Shoals:4 | Entered Level 4 of the Shoals
 25732 | Shoals:4 | Reached skill level 20 in Ranged Weapons
 26409 | Shoals:4 | Noticed a kraken
 26600 | Shoals:4 | Killed a kraken
 26612 | Shoals:4 | Got a barnacled rune of Zot
 26629 | Shoals:4 | Noticed a kraken
 26671 | Shoals:4 | Killed a kraken
 26672 | Shoals:4 | Reached XP level 18. HP: 123/129 MP: 28/28
 27071 | Shoals:2 | Killed Ilsuiw
 27801 | Orc:1    | Entered Level 1 of the Orcish Mines
 27853 | Orc:1    | Noticed Snorg
 27857 | Orc:1    | Killed Snorg
 28163 | Orc:2    | Entered Level 2 of the Orcish Mines
 28163 | Orc:2    | Found Zestrihorgh's Self-Improvement Boutique.
 28241 | Orc:2    | Found a roughly hewn altar of Beogh.
 28353 | Orc:2    | Found a staircase to the Elven Halls.
 28375 | Orc:1    | Noticed Erica
 28377 | Orc:1    | Killed Erica
 28378 | Orc:1    | Reached skill level 21 in Ranged Weapons
 28402 | Orc:1    | Found a roughly hewn altar of Beogh.
 28833 | Orc:2    | Found Dyjovuf's Antique Weapon Shop.
 28834 | Orc:2    | Found a roughly hewn altar of Beogh.
 28849 | Orc:2    | Found Qioreromn's Antique Armour Boutique.
 29001 | Orc:2    | Found a roughly hewn altar of Beogh.
 29021 | Orc:2    | Found Vuthryedaro's Distillery.
 29083 | Orc:2    | Found a roughly hewn altar of Beogh.
 29099 | Orc:2    | Found Cayjir's Antique Weapon Boutique.
 29325 | Orc:2    | Found a roughly hewn altar of Beogh.
 29480 | Orc:2    | Found a roughly hewn altar of Beogh.
 29576 | Orc:2    | Bought a runed helmet for 135 gold pieces
 29586 | Orc:2    | Bought an embroidered hat for 126 gold pieces
 29861 | Spider:1 | Entered Level 1 of the Spider Nest
 31727 | Spider:2 | Reached skill level 22 in Ranged Weapons
 32611 | Spider:3 | Reached XP level 19. HP: 127/137 MP: 29/29
 32979 | Spider:4 | Entered Level 4 of the Spider Nest
 34669 | Spider:4 | Got a gossamer rune of Zot
 35321 | Elf:1    | Entered Level 1 of the Elven Halls
 35596 | Elf:1    | Noticed Goivuek's ghost (adept CoGl)
 35608 | Elf:1    | Found a runed translucent door.
 35816 | Elf:1    | Got Vynof's Secrets of the Impact
 36028 | Elf:1    | Found Buyg Jyf's Book Shop.
 36144 | Elf:1    | You are sucked into a shaft and drop 1 floor!
 36144 | Elf:2    | Found a runed translucent gate.
 36144 | Elf:2    | Found a runed translucent gate.
 36144 | Elf:2    | Found a runed translucent gate.
 36490 | Elf:1    | Reached skill level 23 in Ranged Weapons
 36641 | Elf:1    | Killed Goivuek's ghost
 36923 | Elf:2    | Reached XP level 20. HP: 130/145 MP: 30/30
 37328 | Elf:2    | Reached skill level 15 in Armour
 38288 | Elf:3    | Entered Level 3 of the Elven Halls
 39361 | Elf:3    | Identified the ring of the Tsukumogami {Fire rN+ Str-2
                  | Int-4 Dex+8}
 39375 | Elf:3    | Identified the ring "Jajef" {rF++ rC+ rCorr Str-4}
 39383 | Elf:3    | Identified the ring of Ryohuc {rPois MP+9}
 39551 | Elf:3    | Identified the staff of Youthful Indiscretion {rF+ rCorr
                  | Fire}
 40172 | Elf:3    | Paralysed by an air elemental for 1 turns
 40183 | Elf:3    | Identified the ring "Woist" {Will+ Int+3}
 40184 | Elf:3    | Reached skill level 10 in Dodging
 40208 | Elf:3    | Identified the +4 plate armour "Souh" {rPois rF++ Will+
                  | Int-2}
 40223 | Elf:3    | Reached skill level 24 in Ranged Weapons
 40484 | Elf:3    | Identified the +3 dagger "Orb Guardian's Foe" {antimagic,
                  | rElec rPois rF+}
 40722 | Elf:3    | Identified the +0 plate armour of Enuzom {Int+2}
 40734 | Elf:3    | Identified the +6 mace of Imbalance {freeze, rPois rC+
                  | Will+ SInv}
 40761 | Elf:3    | Identified the +8 arbalest "Teecsah" {heavy, rC+}
 40820 | Elf:3    | Got the Discursus on the Yliaster
 41443 | Vaults:1 | Entered Level 1 of the Vaults
 41658 | Vaults:1 | Reached XP level 21. HP: 151/151 MP: 31/31
 42874 | Vaults:2 | Found a portal to a secret trove of treasure.
 42922 | Vaults:2 | You paid a toll of 5 scrolls of fog to enter a treasure
                  | trove
 42923 | Trove    | Entered a treasure trove
 42937 | Trove    | Identified the ring "Yhyhuefa" {rF+ MP+9 Int+5 Dex+2}
 42955 | Trove    | Identified the +1 hat of Conscience {rCorr Int+3 Dex+2}
 43566 | Vaults:2 | Reached skill level 25 in Ranged Weapons
 44341 | Vaults:2 | Found a staircase to the Crypt.
 44583 | Vaults:3 | Reached XP level 22. HP: 153/156 MP: 32/32
 45884 | Vaults:4 | Reached skill level 26 in Ranged Weapons
 45910 | Vaults:4 | Reached skill level 10 in Evocations
 45936 | Vaults:4 | Found Yxisaog's General Store.
 46121 | Vaults:4 | Bought a scroll of acquirement for 728 gold pieces
 46121 | Vaults:4 | Acquired a manual of Stealth
 46266 | Vaults:4 | Found Cashrumusm's Orb Outfitters.
 47213 | Vaults:4 | Found Cashrumusm's Orb Outfitters.
 47344 | Vaults:4 | Found Yxisaog's General Store.
 47657 | Depths:1 | Entered Level 1 of the Depths
 47914 | Depths:1 | Found a one-way gate leading to the halls of Pandemonium.
 47956 | Depths:1 | Reached XP level 23. HP: 157/162 MP: 33/33
 48168 | Depths:1 | Identified the +0 chain mail of Midwinter {rC- Dex+9}
 48169 | Depths:1 | Found a gateway to Hell.
 48174 | Depths:1 | Identified the +0 quarterstaff "Nefio" {freeze, rElec Int-3
                  | Dex+3}
 49034 | Depths:2 | Found a one-way gate to the infinite horrors of the Abyss.
 49224 | Depths:2 | Found a sparkling altar of Nemelex Xobeh.
 49267 | Depths:2 | Reached skill level 27 in Ranged Weapons
 49404 | Depths:2 | Identified the staff of the Cup {rElec rC- Str-5 Conj
                  | Alchemy}
 49947 | Depths:3 | Noticed Norris
 49982 | Depths:3 | Killed Norris
 50050 | Depths:3 | Found a transporter.
 50059 | Depths:3 | Found a transporter.
 50185 | Depths:3 | Noticed Vv
 50233 | Depths:3 | Found a basalt altar of Yredelemnul.
 50378 | Depths:3 | Noticed a juggernaut
 50382 | Depths:3 | Found a bloodstained altar of Trog.
 50382 | Depths:3 | Found the necklace of Bloodlust {Fury *Rage Will++ Int-3
                  | Slay+6}
 50457 | Depths:3 | Found a corrupted altar of Lugonu.
 50663 | Depths:3 | Found a runed translucent door.
 50700 | Depths:3 | Killed a juggernaut
 50854 | Depths:3 | Reached skill level 5 in Stealth
 50910 | Depths:3 | Identified the +1 shortbow of Accidental Termination
                  | {antimagic, rElec Int+3}
 51018 | Depths:3 | Killed Vv
 51136 | Depths:4 | Entered Level 4 of the Depths
 51142 | Depths:4 | Noticed a caustic shrike
 51143 | Depths:4 | Noticed a caustic shrike
 51279 | Depths:4 | Noticed Jory
 51292 | Depths:4 | Noticed a caustic shrike
 51292 | Depths:4 | Killed Jory
 51295 | Depths:4 | Noticed a caustic shrike
 51295 | Depths:4 | Noticed a caustic shrike
 51297 | Depths:4 | Noticed a golden dragon
 51300 | Depths:4 | Killed a caustic shrike
 51305 | Depths:4 | Killed a caustic shrike
 51305 | Depths:4 | Killed a caustic shrike
 51306 | Depths:4 | Reached XP level 24. HP: 169/169 MP: 33/33
 51306 | Depths:4 | Killed a caustic shrike
 51306 | Depths:4 | Noticed a juggernaut
 51315 | Depths:3 | Reached skill level 5 in Earth Magic
 51598 | Depths:3 | Killed a caustic shrike
 51902 | Depths:4 | Killed a juggernaut
 52007 | Depths:4 | Learned a level 5 spell: Yara's Violent Unravelling
 52408 | Depths:4 | Found a one-way gateway to a ziggurat.
 52501 | Depths:4 | Found a gate to the Realm of Zot.
 52558 | Depths:4 | Found a glowing golden altar of the Shining One.
 52562 | Depths:4 | Reached skill level 1 in Hexes
 52571 | Depths:4 | Found a burning altar of Makhleb.
 52939 | Vaults:5 | Entered Level 5 of the Vaults
 52960 | Vaults:5 | Reached skill level 1 in Alchemy
 53834 | Vaults:5 | Identified the +11 quarterstaff of the Spider Nest {venom,
                  | rPois rF- rC++ rN+}
 53834 | Vaults:5 | Identified the +1 leather armour "Bialo" {^Drain rCorr
                  | Int+3}
 54064 | Vaults:5 | Reached skill level 5 in Spellcasting
 54075 | Vaults:5 | Noticed Margery
 54086 | Vaults:5 | Killed Margery
 54799 | Vaults:5 | Noticed a dread lich
 54808 | Vaults:5 | Killed a dread lich
 54809 | Vaults:5 | Reached XP level 25. HP: 172/176 MP: 34/34
 54964 | Vaults:5 | Reached skill level 10 in Stealth
 54975 | Vaults:5 | Got Practical Witchery
 55227 | Vaults:5 | Identified the +8 whip of Circular Logic {flame, ^Drain
                  | Str+3 Int+2}
 55230 | Vaults:5 | Identified the +8 dagger "Nestirag" {flame, rF+ rC+ SInv}
 55252 | Vaults:5 | Identified the +2 scale mail "Cuuguivi" {rF+ Will- Str+3
                  | Int+5}
 55393 | Vaults:5 | Noticed an ancient lich
 55397 | Vaults:5 | Killed an ancient lich
 55478 | Vaults:5 | Reached skill level 5 in Hexes
 55508 | Vaults:5 | Got the Disquisition on Caustic Firn
 55510 | Vaults:5 | Got a silver rune of Zot
 55643 | Vaults:5 | Identified the +4 robe "Afrohymn" {+Blink rF- rN+++ Int-3}
 55675 | Vaults:5 | Learned a level 2 spell: Blink
 56106 | Vaults:4 | Bought a scroll of teleportation for 42 gold pieces
 56106 | Vaults:4 | Bought a scroll of enchant armour for 105 gold pieces
 56460 | Orc:2    | Bought a potion of ambrosia for 128 gold pieces
 56460 | Orc:2    | Bought a potion of enlightenment for 80 gold pieces
 56460 | Orc:2    | Bought a potion of haste for 160 gold pieces
 56460 | Orc:2    | Bought a potion of curing for 48 gold pieces
 56460 | Orc:2    | Bought 2 potions of enlightenment for 160 gold pieces
 56765 | Zot:1    | Entered Level 1 of the Realm of Zot
 57231 | Elf:1    | Bought a book of Cantrips for 288 gold pieces
 57233 | Elf:1    | Learned a level 1 spell: Apportation
 57557 | Zot:1    | Reached skill level 5 in Alchemy
 57657 | Zot:1    | Reached skill level 15 in Invocations
 57704 | Zot:1    | Reached skill level 1 in Translocations
 58043 | Zot:4    | Identified the ring "Joroseon" {rElec rC+ Int+6}
 58318 | Zot:4    | Noticed an orb of fire
 58389 | Zot:4    | Found a transporter.
 58393 | Zot:4    | Found a radiant altar of Vehumet.
 58406 | Zot:4    | Noticed an orb of fire
 58459 | Zot:4    | Noticed an ancient lich
 58523 | Zot:5    | Entered Level 5 of the Realm of Zot
 58628 | Zot:4    | nice escape hatch
 58638 | Zot:4    | Found a transporter.
 58978 | Zot:5    | Noticed an ancient lich
 58982 | Zot:5    | Killed an ancient lich
 59040 | Zot:5    | Noticed a dread lich
 59048 | Zot:5    | Killed a dread lich
 59299 | Zot:5    | Noticed a Killer Klown
 59333 | Zot:5    | Killed a Killer Klown
 59487 | Zot:5    | Noticed a Killer Klown
 59522 | Zot:5    | Killed a Killer Klown
 59588 | Zot:5    | Noticed a Killer Klown
 59595 | Zot:5    | Noticed an orb of fire
 59601 | Zot:5    | Killed a Killer Klown
 59616 | Zot:5    | Gained mutation: You are clumsy. (Dex -2) [an orb of fire]
 59623 | Zot:5    | Killed an orb of fire
 59624 | Zot:5    | Reached XP level 26. HP: 109/184 MP: 34/34
 59641 | Zot:5    | Noticed an ancient lich
 59655 | Zot:5    | Killed an ancient lich
 59822 | Zot:5    | Noticed an ancient lich
 59824 | Zot:5    | Noticed a dread lich
 59840 | Zot:5    | Killed an ancient lich
 59840 | Zot:5    | Noticed an orb of fire
 59861 | Zot:5    | Killed a dread lich
 59862 | Zot:5    | Gained mutation: Your spells are a little easier to cast,
                  | but a little less powerful. [an orb of fire]
 59991 | Zot:5    | Killed an orb of fire
 60029 | Zot:5    | Noticed a dread lich
 60043 | Zot:5    | Killed a dread lich
 60089 | Zot:5    | Noticed a Killer Klown
 60103 | Zot:5    | Killed a Killer Klown
 60221 | Zot:5    | Reached skill level 15 in Dodging
 60246 | Zot:5    | Reached skill level 5 in Translocations
 60256 | Zot:5    | Noticed an orb of fire
 60257 | Zot:5    | Gained mutation: You are frail. (-10% HP) [an orb of fire]
 60271 | Zot:5    | Killed an orb of fire
 60295 | Zot:5    | Got the Orb of Zot
 60454 | Depths:1 | Noticed Lyasun the pandemonium lord
 60481 | D:15     | Lost mutation: You are frail. (-10% HP) [potion of
                  | mutation]
 60481 | D:15     | Lost mutation: You are clumsy. (Dex -2) [potion of
                  | mutation]
 60481 | D:15     | Lost mutation: Your spells are a little easier to cast, but
                  | a little less powerful. [potion of mutation]
 60481 | D:15     | Gained mutation: Your muscles are strong. (Str +4, Int/Dex
                  | -1) [potion of mutation]
 60481 | D:15     | Gained mutation: Your flesh is cold resistant. (rC+)
                  | [potion of mutation]
 60481 | D:15     | Gained mutation: Your body sometimes deteriorates upon
                  | taking damage. [potion of mutation]
 60481 | D:15     | Gained mutation: You possess an exceptional clarity of
                  | mind. [potion of mutation]
 60811 | D:$      | Escaped with the Orb!

Illustrated notes

##...#########
#########............#
#.......$.©...........
#.#################.##
#.#⌠?.ß..♣q♣qqß.$©#.#
#.#$$....$)L....$$#.#
#.#..#.##...##.#..#.#
#(#.##..#ß.ß#..##.#(#
#.#..@..#...#...,.#.#
#.##....#ßqß#....*#.#
#.#...#.#,,,*,#.,,#.#
#)##q.#.*.,,,,#..##.#
#.#...##...,,##..q#.#
#.##...#..C..#...##.#
#.#..#.#⌠...⌠#.#qC#.#
#.##q#.###'###.#C##)#
#.#.....#,,,#....*#)#


Turn 58628 on Zot:4: nice escape hatch

Levels and vault maps discovered:
D:1:      psy_arrival_terrarium, layout_basic,
          shapermc_ecumenical_altar_mp_urbaneastern
D:2:      layout_basic, minmay_tiny_reverse_x
D:3:      layout_loops_ring, nicolae_overflow_ecumenical_swirl,
          mainiacjoe_sewer_entry_somewhere_in_here_2, gammafunk_ghost_arena
D:4:      layout_basic
D:5:      layout_basic, nicolae_uskayaw_suspiria, chequers_big_river,
          minmay_fractal_squares_5
D:6:      hellmonk_ruined_rings, layout_layer_cave, makhleb_heckhound_becter,
          minmay_temple_entry_glass, biasface_ghost_orc_armoury, chequers_jeans
D:7:      layout_basic, hellmonk_sif_muna_bookshelves,
          nzn_wu_jian_contemplation, minmay_alternating_orb
D:8:      cheibrodos_steamvent, layout_loops_corners,
          nicolae_hepliaklqana_hippocampus, mainiacjoe_overflow_surrounded_room,
          regret_index_xom_of_box, nicolae_qazlal_beasts_of_the_sky,
          uniq_prince_ribbit1
D:9:      layout_basic, orc_0_dummy, minmay_puff
D:10:     layout_small_grid, kennysheep_vampire_church, david_lair_shrubbed
D:11:     layout_basic, uniq_harold, uniq_nergalle
D:12:     layout_irregular_city, nicolae_vehumet_altar_sigil
D:13:     layout_irregular_city, serial_demonic, serial_demonic_c,
          serial_demonic_b, serial_demonic_e, serial_demonic_g, serial_demonic_g
D:14:     hangedman_cross_cluster, layout_rooms,
          hellmonk_vaults_order_and_chaos, moated_statue, uniq_jorgrun
D:15:     grunt_enter_depths_giant_problem, layout_basic,
          kennysheep_pointless_box, gammafunk_ghost_wrathful_warriors,
          nicolae_tricolors
Temple:   minmay_temple_forest_path
Lair:1:   layout_gridlike, portal_ice_cave_rime, special_room [special_room_bee]
Lair:2:   layout_regular_city, minmay_shoals_entry_hut, beast_lair_carwin_6
Lair:3:   layout_long_grid, hellmonk_spider_entry_not_the_bees,
          nicolae_volcano_entry_vermiform, grunt_forest_small_clearing_treed
Lair:4:   layout_roguey [special_room_mythical_zoo], dreamdust_gnoll_shepherd,
          grunt_megastairs_5
Lair:5:   minmay_lair_end_enchanted_forest, layout_hall_layers,
          nicolae_slime_entry_slimehenge, infiniplex_staircase_pool_2
Shoals:1: argonaut_golden_fleece, layout_shoals, uniq_aizul, uniq_donald
Shoals:2: layout_shoals, uniq_polyphemus, uniq_ilsuiw, uniq_nikola
Shoals:3: layout_shoals
Shoals:4: shoals_end_hangedman, layout_shoals
Spider:1: layout_spider_delve, hangedman_spider_trapstep
Spider:2: layout_spider_delve
Spider:3: layout_spider_delve
Spider:4: hellmonk_spider_rune_bug_friends
Orc:1:    layout_caves, basic_altar, mines4_lemuel, uniq_erica, uniq_snorg
Orc:2:    grunt_orc_community_town_hall, layout_caves,
          grunt_orc_community_big_house_2, grunt_orc_community_big_house_2,
          grunt_orc_community_house_2, grunt_orc_community_house_1,
          grunt_orc_community_house_1, grunt_orc_community_house_2,
          grunt_orc_community_house_2, grunt_orc_community_house_1, basic_altar,
          roderic_batcave, nicolae_shop_self_help
Elf:1:    elf_arrival_002, layout_loops_cross, hellmonk_ghost_big_iron,
          serial_shops, shop, minmay_elf_annihilation,
          nicolae_elf_archery_training
Elf:2:    nicolae_elf_blades_splatter_lattice
          [nicolae_blade_entry_crossed_weapons], layout_loops_cross
Elf:3:    minmay_elf_hall_x, layout_loops_corners,
          nicolae_concentric_dashed_squares_wild, solitary_fountain
Vaults:1: nicolae_vaults_ellipses_ellipsis, nicolae_vaults_little_ls,
          hangedman_vaults_corner, vaults_room_grunt_arrival_checkpoint,
          nicolae_vaults_storage_room_doors, ontoclasm_vaults_twist,
          layout_vaults_omnigrid
Vaults:2: v_pattern_4, v_rooms_4, nicolae_vaults_tetromino_Z_2,
          nicolae_vaults_swerve, minmay_crypt_entry_simple_walls,
          vaults_mumra_lcd, v_misc_26, nicolae_vaults_antechamber_and_loot_room,
          vaults_dpeg_hooks, nicolae_vaults_closet_pinwheel_2,
          nicolae_vaults_network_periphery, nicolae_vaults_closet_pinwheel_4,
          vaults_dpeg_diagonal, layout_vaults_ring, enter_trove_2
Vaults:3: grunt_vaults_swirl, nicolae_vaults_alarming,
          vaults_room_stairs_pillars, v_misc_16, hangedman_vaults_corner_blocks,
          v_alt_pattern_1, hangedman_vaults_river_flow,
          nicolae_vaults_tangram_2, nicolae_vaults_layer_cake_slice,
          v_alt_pattern_6, nicolae_vaults_trapezoid_3,
          nicolae_vaults_more_shelving_1, layout_vaults_big_cross
Vaults:4: nicolae_vaults_diamond_2, v_misc_29, nicolae_vaults_little_squares_6,
          nicolae_vaults_little_squares_6, vaults_room_door_ring,
          nicolae_vaults_tetromino_T_2, hangedman_vaults_variations,
          tekkud_shop_of_orbs, nicolae_vaults_six-pack, vaults_mumra_hex,
          grunt_vaults_hallway_short, v_misc_15,
          nicolae_vaults_little_squares_2, ontoclasm_vaults_spin,
          nicolae_vaults_house_2, layout_vaults_omnibox, serial_shops, shop
Vaults:5: uniq_margery
Depths:1: layout_forbidden_donut, lightli_too_deep, hangedman_glass_teeth,
          pan_entry, kennysheep_windowed_goal, grunt_megastairs_1
Depths:2: cross_vault, layout_basic, hangedman_geh_valley, nicolae_titane,
          regret_index_abyss_entry_already_here, pan_entry,
          nemelex_xobeh_ov_fountains_minmay
Depths:3: emtedronai_trogs_sanctum, layout_gridville, pan_entry,
          abyss_entry_flame_altar, hell_entry,
          yredelemnul_forgotten_temple_becter, infiniplex_staircase_star,
          uniq_vv, uniq_norris
Depths:4: evilmike_zot_entry_basic, layout_cave_pools, enter_ziggurat_f,
          hangedman_coc_ice_floe, nzn_life_drinkers, uniq_jory
Zot:1:    layout_cathedral_of_symmetry, regret_index_zotdec_plus
Zot:2:    layout_gridlike, regret_index_zotdec_misc_clamp, lemuel_elevator
Zot:3:    layout_twisted_circle
Zot:4:    gammafunk_sealed_library, layout_misc_corridors, bh_zot_lava_cross
Zot:5:    layout_twisted_circle

Skill      XL: |  1  2  3  4  5  6  7  8  9 10 11 12 13 14 15 16 17 18 19 20 21 22 23 24 25 26 |
---------------+-------------------------------------------------------------------------------+-----
Ranged Weapons | 5 6 7 8 9 11 13 14 15 17 18 19 20 22 23 24 25 26 27 | 27.0
Fighting       | 3 4 5 7 8 10 12 13 16 20 21 22 23 24 | 24.2
Invocations    | 1 3 5 7 9 10 11 12 13 14 15 | 15.5
Evocations     | 1 3 4 5 7 9 10 11 12 13 | 13.1
Armour         | 1 3 6 7 8 9 11 13 14 15 | 15.0
Dodging        | 2 3 4 5 6 7 10 12 13 14 15 | 15.0
Throwing       | 1 4 5 6 |  6.0
Earth Magic    | 1 4 7 8 9 |  9.1
Spellcasting   | 1 3 5 6 |  6.9
Stealth        | 6 9 11 12 | 12.0
Hexes          | 4 6 7 |  7.8
Alchemy        | 4 6 7 |  7.2
Translocations | 3 5 |  5.4

Action                     |  1- 3 |  4- 6 |  7- 9 | 10-12 | 13-15 | 16-18 | 19-21 | 22-24 | 25-27 || total
---------------------------+-------+-------+-------+-------+-------+-------+-------+-------+-------++-------
  Melee: Arbalest          |       |       |       |     3 |       |       |       |       |       ||     3
   Fire: Shortbow          |    90 |   165 |   454 |   365 |       |       |       |       |       ||  1074
         Arbalest          |       |       |       |   381 |  1097 |  1652 |   706 |       |       ||  3836
         Longbow           |       |       |       |       |       |       |   787 |  1478 |   686 ||  2951
  Throw: Throwing net      |       |       |       |       |       |     2 |       |     1 |       ||     3
   Cast: Blink             |       |       |       |       |       |       |       |       |     1 ||     1
         Apportation       |       |       |       |       |       |       |       |       |     6 ||     6
         Yara's Violent Un |       |       |       |       |       |       |       |       |     3 ||     3
 Invoke: Minor Destruction |       |     1 |     2 |       |       |       |       |       |       ||     3
         Lesser Servant of |       |       |       |    14 |       |       |       |       |       ||    14
         Greater Servant o |       |       |       |       |     4 |    14 |    14 |    17 |     1 ||    50
  Evoke: Wand              |       |       |     9 |    28 |     6 |    18 |     3 |     9 |     8 ||    81
         Tin of tremorston |       |       |       |       |       |     9 |     6 |     5 |     4 ||    24
         Gell's gravitambo |       |       |       |       |       |     4 |     7 |     6 |     3 ||    20
         Lightning rod     |       |       |       |       |       |     4 |    15 |    17 |       ||    36
    Use: Scroll            |     6 |     3 |     9 |     5 |     5 |    13 |    15 |    10 |    14 ||    80
         Potion            |       |       |       |     5 |       |     5 |     4 |     6 |    14 ||    34
 Armour: Leather armour    |    23 |    46 |   162 |    55 |       |   115 |       |       |       ||   401
         Acid dragon scale |       |       |       |    82 |       |       |       |       |       ||    82
         Troll leather arm |       |       |       |   179 |   379 |   731 |   545 |   422 |   244 ||  2500
  Dodge: Dodged            |    15 |    40 |   113 |   344 |   458 |  1079 |   395 |   377 |   168 ||  2989

Table legend: (Time is in decaauts)
 A = Elapsed time spent in this place.
 B = Non-inter-level travel time spent in this place.
 C = Inter-level travel time spent in this place.
 D = Time resting spent in this place.
 E = Time spent auto-exploring this place.
 F = Levels seen in this place.
 G = Mean time per level.
                   A        B        C        D        E       F      G
               +--------+--------+--------+--------+--------+-----+--------+
         Total |  60292 |  53354 |   6938 |   5986 |  31639 |  52 | 1159.5 |
       Dungeon |  17972 |  14567 |   3405 |    424 |  10160 |  15 | 1198.1 |
        Temple |      1 |      1 |      0 |      0 |      0 |   1 |    1.0 |
          Lair |   5402 |   4744 |    658 |      0 |   3101 |   5 | 1080.4 |
        Shoals |   4914 |   4664 |    250 |    126 |   2987 |   4 | 1228.5 |
   Spider Nest |   5268 |   4926 |    342 |   1034 |   2728 |   4 | 1317.0 |
  Orcish Mines |   2150 |   1710 |    440 |      0 |   1054 |   2 | 1075.0 |
   Elven Halls |   5679 |   5347 |    332 |    914 |   3103 |   3 | 1893.0 |
        Vaults |   9114 |   8536 |    578 |   1294 |   4754 |   5 | 1822.8 |
        Depths |   5080 |   4300 |    780 |    950 |   2150 |   4 | 1270.0 |
           Zot |   2762 |   2614 |    148 |    947 |    747 |   5 |  552.4 |
         Trove |     62 |     62 |      0 |      0 |      6 |   1 |   62.0 |
         Sewer |    396 |    396 |      0 |      0 |    241 |   1 |  396.0 |
      Ice Cave |   1162 |   1162 |      0 |    296 |    480 |   1 | 1162.0 |
       Volcano |    322 |    322 |      0 |      0 |    125 |   1 |  322.0 |
               +--------+--------+--------+--------+--------+-----+--------+

Top non-repeatable levels by time:
Vaults:5: 2995 daAuts
   Elf:3: 2593 daAuts
Spider:4: 2028 daAuts
Vaults:4: 1940 daAuts
Depths:3: 1911 daAuts
    D:10: 1824 daAuts
    D:11: 1764 daAuts
   Elf:2: 1696 daAuts
     D:9: 1610 daAuts
Shoals:2: 1587 daAuts
   Zot:5: 1549 daAuts
     D:8: 1519 daAuts
Vaults:2: 1494 daAuts
   Orc:2: 1472 daAuts
   Elf:1: 1389 daAuts
